 Dungeon Crawl Stone Soup version 0.28.0-53-g5a82cb258f (webtiles) character file.

Game seed: 6242886589517501170

1399 safid the Cleaver (level 8, 0/66 HPs)
             Began as a Hill Orc Fighter on July 8, 2022.
             Was a Follower of Beogh.
             Killed from afar by a steam dragon (6 damage)
             ... with a ball of steam
             ... on level 6 of the Dungeon.
             The game lasted 00:13:04 (7351 turns).

safid the Cleaver (Hill Orc Fighter)                Turns: 7351, Time: 00:13:05

Health: 0/66       AC:  9    Str: 21    XL:     8   Next: 69%
Magic:  8/8        EV:  9    Int:  8    God:    Beogh [*.....]
Gold:   252        SH:  4    Dex: 10    Spells: 7/7 levels left

rFire   . . .      SeeInvis .   a - +0 war axe
rCold   . . .      Faith    .   c - +0 buckler
rNeg    . . .      Spirit   .   b - +0 scale mail
rPois   .          Reflect  .   (no helmet)
rElec   .          Harm     .   H - +0 cloak
rCorr   .          Rampage  .   (no gloves)
Will    .....                   m - +0 pair of boots
Stlth   ..........              (no amulet)
HPRegen 0.21/turn               e - ring of flight
MPRegen 0.11/turn               (no ring)

@: flying
A: no striking features
a: Renounce Religion


You were on level 6 of the Dungeon.
You worshipped Beogh.
Beogh was aware of your devotion.
You visited 1 branch of the dungeon, and saw 6 of its levels.
You also visited: Ossuary.

You collected 252 gold pieces.

Inventory:

Hand Weapons
 a - a +0 war axe (weapon)
Missiles
 v - 9 poisoned darts
 E - 5 javelins (quivered)
Armour
 b - a +0 scale mail (worn)
 c - a +0 buckler (worn)
 m - a +0 pair of boots (worn)
 H - a +0 cloak (worn)
Jewellery
 e - a ring of flight (left hand)
Wands
 s - a wand of acid (3)
Scrolls
 g - a scroll of enchant armour {unknown}
 h - a scroll of noise {unknown}
 l - 2 scrolls of holy word {unknown}
 o - 5 scrolls of teleportation {unknown}
 q - 2 scrolls of amnesia {unknown}
 t - 2 scrolls of vulnerability {unknown}
 u - a scroll of fog {unknown}
 w - a scroll of magic mapping {unknown}
 y - 2 scrolls of identify {unknown}
 A - a scroll of blinking {unknown}
 C - 4 scrolls of enchant weapon {unknown}
 D - a scroll of fear {unknown}
Potions
 d - 3 potions of might
 f - 6 potions of curing {unknown}
 j - 2 potions of degeneration {unknown}
 k - a potion of lignification {unknown}
 n - a potion of mutation {unknown}
 p - a potion of heal wounds {unknown}
 r - 4 potions of haste {unknown}
 x - a potion of experience {unknown}
 z - 3 potions of flight {unknown}
 B - a potion of magic {unknown}
 F - 2 potions of cancellation {unknown}


   Skills:
 - Level 4.0 Fighting
 + Level 13.0 Axes
 - Level 4.0 Armour
 - Level 4.0 Shields


You had 7 spell levels left.
You didn't know any spells.
Your spell library was empty.

Dungeon Overview and Level Annotations

Branches:
Dungeon (6/15)            Ossuary (visited)
 Temple: D:4-7

Altars:
Cheibriados
Qazlal
Uskayaw

Shops:
D:2 [===(


Message History

You are too injured to fight recklessly!
You are too injured to fight recklessly!
You are too injured to fight recklessly!
You are too injured to fight recklessly!
You are too injured to fight recklessly!
You are too injured to fight recklessly!
You are too injured to fight recklessly!
You are too injured to fight recklessly!
You are too injured to fight recklessly!
The steam dragon barely misses you. The steam dragon claws you.
You hit the steam dragon but do no damage.
The steam dragon breathes steam at you. The ball of steam misses you.
Unknown command.
You hit the steam dragon but do no damage.
You are engulfed in a cloud of scalding steam.
The steam dragon bites you!
* * * LOW HITPOINT WARNING * * *
The steam dragon claws you.
* * * LOW HITPOINT WARNING * * *
The steam dragon closely misses you. x2
You hit the steam dragon but do no damage.
You are engulfed in a cloud of scalding steam.
* * * LOW HITPOINT WARNING * * *
You see here a staff of conjuration.
The steam dragon breathes steam at you. The ball of steam misses you.
You are engulfed in a cloud of scalding steam.
* * * LOW HITPOINT WARNING * * *
The steam dragon breathes steam at you. The ball of steam misses you.
The steam dragon breathes steam at you. The ball of steam hits you!
* * * LOW HITPOINT WARNING * * *
The steam dragon breathes steam at you. The ball of steam misses you.
There is an escape hatch in the ceiling here.
The steam dragon breathes steam at you. The ball of steam hits you.
You die...

.........# #####.##.# #....#
######## #(##.## #.. ...####
#.##.##.####.####.#..###########
##.#...........#............(.o..
..............................>##
##.#...#..##.......>)......#####
#.#......##...§@.#.))#.#..#
#|#.........§§.#.#...#.#..#
#.#........D...#.#.#.#.#..#
#§#.#............#.#.#[#..#
#D#..........#.#.....#.#(.#
##§###....###.#.......#.#..#
...§.#.....§..#.#...#.#.#..#
##§#.##...###.#.###.. ######
#).......§...# #.....


You could see a steam dragon (catching breath).

Vanquished Creatures
  An orc warrior (D:6)
  A necrophage (D:5)
  3 ogres
  A phantom (D:5)
  2 elf zombies (Ossuary)
  A bullfrog (D:6)
  A scorpion (D:6)
  A centaur zombie (D:5)
  2 orc priests (D:6)
  A bullfrog skeleton (D:5)
  2 hounds
  A centaur skeleton (D:6)
  Natasha (D:2)
  An iguana (D:6)
  6 orc wizards
  A hound skeleton (D:5)
  3 mummies
  A howler monkey skeleton (D:6)
  2 adders
  4 adder zombies (Ossuary)
  An adder skeleton (D:2)
  2 worms
  4 dart slugs
  16 orcs
  4 ball pythons
  7 bats
  4 endoplasms
  5 giant cockroaches
  5 goblins
  6 hobgoblins
  3 jackals (D:2)
  A quokka (D:2)
  3 frilled lizards
  2 goblin zombies (Ossuary)
  9 hobgoblin zombies (Ossuary)
  2 jackal zombies (Ossuary)
  9 kobolds
  7 kobold zombies (Ossuary)
  11 orc zombies (Ossuary)
  9 rats
146 creatures vanquished.

Vanquished Creatures (others)
  7 plants (D:5)
7 creatures vanquished.

Grand Total: 153 creatures vanquished

Notes
Turn   | Place    | Note
-------+----------+-------------------------------------------
     0 | D:1      | safid the Hill Orc Fighter began the quest for the Orb.
     0 | D:1      | Reached XP level 1. HP: 19/19 MP: 1/1
   412 | D:1      | Reached skill level 3 in Axes
   412 | D:1      | Reached XP level 2. HP: 27/27 MP: 2/2
   623 | D:1      | Found a faded altar of an unknown god.
   930 | D:2      | Found Mooxelemo's Armour Shoppe.
  1013 | D:2      | Found Istu's Jewellery Shoppe.
  1020 | D:2      | Found Rera's Jewellery Shop.
  1054 | D:2      | Reached XP level 3. HP: 31/33 MP: 3/3
  1114 | D:2      | Found Hiarukh's Jewellery Shop.
  1290 | D:2      | Found a hide-covered altar of Uskayaw.
  1389 | D:2      | Reached XP level 4. HP: 40/40 MP: 4/4
  1559 | D:2      | Noticed Natasha
  1573 | D:2      | Killed Natasha
  1574 | D:2      | Reached skill level 4 in Axes
  1791 | D:2      | Found Civyfete's Antique Weapon Shop.
  2558 | D:3      | Reached skill level 5 in Axes
  2651 | D:3      | Found a faded altar of an unknown god.
  2655 | D:3      | Found a hide-covered altar of Uskayaw.
  2670 | D:3      | Reached XP level 5. HP: 44/46 MP: 5/5
  3142 | D:4      | You are sucked into a shaft and drop 1 floor!
  3142 | D:5      | Entered Level 5 of the Dungeon
  3370 | D:4      | Noticed an ogre
  3374 | D:4      | Killed an ogre
  3375 | D:4      | Reached skill level 7 in Axes
  3375 | D:4      | Reached XP level 6. HP: 6/52 MP: 6/6
  4471 | D:5      | Reached skill level 8 in Axes
  4683 | D:5      | Found a snail-covered altar of Cheibriados.
  4919 | D:5      | Reached skill level 9 in Axes
  4919 | D:5      | Reached XP level 7. HP: 57/59 MP: 7/7
  5101 | D:5      | Became a worshipper of Beogh the Brigand
  5741 | D:6      | Found a sand-covered staircase.
  5828 | Ossuary  | Entered an ossuary
  5962 | Ossuary  | Reached skill level 10 in Axes
  6158 | Ossuary  | Reached * piety under Beogh
  6404 | Ossuary  | Reached XP level 8. HP: 54/66 MP: 8/8
  6529 | D:6      | Reached skill level 11 in Axes
  6940 | D:6      | Reached skill level 12 in Axes
  7282 | D:6      | Found a stormy altar of Qazlal.
  7284 | D:6      | Noticed a water elemental
  7285 | D:6      | Noticed an air elemental
  7295 | D:6      | Reached skill level 13 in Axes
  7351 | D:6      | Killed from afar by a steam dragon

Illustrated notes

Levels and vault maps discovered:
D:1:      eino_arrival_water_star, layout_basic,
          shapermc_ecumenical_altar_mp_urbaneastern
D:2:      minmay_diamond_boxcup, layout_rooms, serial_shops,
          nicolae_diamond_shop, nicolae_shop_competitors_out_of_business, shop,
          nicolae_shop_hallway_stairs, shop, basic_altar, uniq_natasha
D:3:      layout_basic, nicolae_overflow_ecumenical_swirl, lemuel_flame_loot_1
D:4:      layout_cave_pods
D:5:      layout_loops_ring, mainiacjoe_overflow_cross_hatched,
          serial_bayou_ford_a, minmay_misc_feat_encased, grunt_decor_junction,
          amcnicky_mini_rare_corridor_liquid, minmay_crystal_room, st_stairs_14
D:6:      layout_basic, nicolae_qazlal_style_of_elements,
          gup_ossuary_entry_pyramid

Skill      XL: |  1  2  3  4  5  6  7  8 |
---------------+-------------------------+-----
Axes           | 3 5 7 9 10 13 | 13.0
Fighting       | 4 |  4.0
Armour         | 4 |  4.0
Shields        | 4 |  4.0

Action                   |  1- 3 |  4- 6 |  7- 9 || total
-------------------------+-------+-------+-------++-------
Melee: War axe           |    91 |   142 |   213 ||   446
       Unarmed           |       |    10 |       ||    10
Throw: Dart              |       |     2 |     1 ||     3
       Javelin           |       |       |    13 ||    13
Invok: Convert to Beogh  |       |       |     1 ||     1
Evoke: Wand              |       |     2 |       ||     2
Armor: Scale mail        |    56 |    67 |    95 ||   218
       Skin              |       |     1 |       ||     1
Dodge: Dodged            |    44 |    76 |    78 ||   198
Block: Buckler           |    16 |    29 |    28 ||    73
